 Dungeon Crawl Stone Soup version 0.31-a0-237-g2d982f9f85 (webtiles) character file.

Game seed: 4749942630636879472

72 qw the Shooter (level 4, 0/26 HPs)
             Began as a Gargoyle Hexslinger on July 11, 2023.
             Slain by a gnoll
             ... wielding a +0 spear
              (4 damage)
             ... on level 3 of the Dungeon.
             The game lasted 00:00:39 (1578 turns).

qw the Shooter (Gargoyle Hexslinger)                Turns: 1578, Time: 00:00:40

Health: 0/26       AC:  9    Str: 10    XL:     4   Next: 25%
Magic:  5/5        EV: 10    Int: 13    God:
Gold:   115        SH:  0    Dex: 18    Spells: 4/5 levels left

rFire   + . .        Y - +2 sling
rCold   . . .        (no shield)
rNeg    + . .        h - +0 ring mail
rPois   inf          (no helmet)
rElec   +            (no cloak)
rCorr   .            c - +0 pair of gloves
SInv    .            (no boots)
Will    .....        (no amulet)
Stlth   +            (no ring)
HPRegen 0.24/turn    (no ring)
MPRegen 0.09/turn

%: no passive effects
@: no status effects
A: sickness immunity, AC +3, negative energy resistance 1, electricity
resistance, torment resistance 1, petrification resistance, agile 1, fire
resistance 1, wild magic 1
a: no special abilities


You were on level 3 of the Dungeon.
You visited 1 branch of the dungeon, and saw 3 of its levels.

You collected 115 gold pieces.


Innate Abilities, Weirdness & Mutations

You are immune to sickness and miasma.
Your stone body is resilient. (AC +3)
You are immune to poison.
You resist negative energy. (rN+)
You are resistant to electric shocks. (rElec)
You are resistant to unholy torment.
You are immune to petrification.
You are agile. (Dex +4, Str/Int -1)
Your flesh is heat resistant. (rF+)
Your spells are a little harder to cast, but a little more powerful.


   Skills:
 - Level 2.0 Fighting
 + Level 3.8 Ranged Weapons
 - Level 1.0 Armour
 - Level 1.5 Dodging
 - Level 1.0 Spellcasting
 - Level 2.6 Hexes


You had 4 spell levels left.
You knew the following spells:

 Your Spells              Type           Power      Damage    Failure   Level
a - Slow                  Hex            36%        N/A       32%         1

Your spell library contained the following spells:

 Spells                   Type           Power      Damage    Failure   Level
 Inner Flame              Hex/Fire       5%         N/A       83%         3
 Portal Projectile        Hex/Tloc       10%        N/A       83%         3
 Cause Fear               Hex            4%         N/A       96%         4

Inventory:

Hand Weapons
 Y - a +2 sling (weapon)
Armour
 c - a +0 pair of gloves (worn)
 h - a +0 ring mail (worn)
Jewellery
 f - a ring of fire
Potions
 b - a potion of mutation
 e - a potion of might
 i - a potion of curing {unknown}

Dungeon Overview and Level Annotations

Branches:
Dungeon (3/15)

Altars:
Gozag


Message History

The gnoll hits you with a +0 flail.
You shoot a sling bullet.
The sling bullet closely misses the gnoll.
The sling bullet completely misses the gnoll.
The gnoll hits you but does no damage. The gnoll barely misses you. x3
You shoot a sling bullet.
The sling bullet barely misses the gnoll.
The sling bullet hits the gnoll!
The gnoll is almost dead.
The gnoll barely misses you. The gnoll hits you but does no damage.
You shoot a sling bullet. The sling bullet hits the gnoll.
The gnoll is moderately wounded.
The gnoll hits you but does no damage. The gnoll hits you with a +0 flail.
You shoot a sling bullet.
The sling bullet closely misses the gnoll.
The sling bullet barely misses the gnoll.
The sling bullet hits the kobold.
You kill the kobold!
The gnoll hits you from afar with a +0 spear.
The gnoll hits you with a +0 flail. The gnoll barely misses you. x2
You shoot a sling bullet. The sling bullet hits the gnoll.
The gnoll is moderately wounded.
The gnoll hits you but does no damage. The gnoll misses you.
You shoot a sling bullet. The sling bullet hits the gnoll.
The gnoll is severely wounded.
The gnoll closely misses you. The gnoll hits you with a +0 flail.
You shoot a sling bullet. The sling bullet hits the gnoll.
The gnoll is almost dead.
The gnoll hits you but does no damage. The gnoll closely misses you. x3
You shoot a sling bullet. The sling bullet hits the gnoll.
You kill the gnoll!
The gnoll hits you but does no damage.
Your Armour skill increases to level 1!
You shoot a sling bullet. The sling bullet hits the gnoll.
The gnoll is moderately wounded.
The gnoll barely misses you. x2
You shoot a sling bullet. The sling bullet hits the gnoll!
You kill the gnoll!
The gnoll hits you from afar with a +0 spear.
You die...

#.#.# ###.#.#
#.#.#####.#.#
#...##....#.#
###..#.####.#
#..#......#
#.....#####
#.....#
#.##### #@#
#g# ..g #.)..
#.....
#......
#.......
#........


You could see 2 gnolls.

Vanquished Creatures
  2 gnolls (D:3)
  An adder (D:2)
  2 worms (D:2)
  2 dart slugs (D:1)
  An orc (D:2)
  5 ball pythons
  4 endoplasms
  3 giant cockroaches (D:1)
  3 goblins
  2 hobgoblins
  3 kobolds
  A quokka (D:1)
  5 bats
  3 frilled lizards
  9 rats
46 creatures vanquished.

Notes
Turn   | Place    | Note
-------+----------+-------------------------------------------
     0 | D:1      | qw the Gargoyle Hexslinger began the quest for the Orb.
     0 | D:1      | Reached XP level 1. HP: 12/12 MP: 2/2
     0 | D:1      | 0 ||| qw: Version: 0.3-a-52-g30416fa
     0 | D:1      | 0 ||| qw: Game counter: 5484
     0 | D:1      | 0 ||| qw: Melee chars always use a shield: true
     0 | D:1      | 0 ||| qw: God list: Okawaru
     0 | D:1      | 0 ||| qw: Allow faded altars: false
     0 | D:1      | 0 ||| qw: Do Orc after clearing Dungeon:15 true
     0 | D:1      | 0 ||| qw: Do second Lair branch before Depths: true
     0 | D:1      | 0 ||| qw: Lair rune preference: random
     0 | D:1      | 0 ||| qw: Goals: Normal
     0 | D:1      | 0 ||| PLANNING D:1-11
    68 | D:1      | Reached XP level 2. HP: 16/16 MP: 3/3
   141 | D:1      | Reached skill level 3 in Ranged Weapons
   454 | D:1      | Reached XP level 3. HP: 21/21 MP: 4/4
   666 | D:1      | Found a faded altar of an unknown god.
   720 | D:1      | 720 ||| UPGRADING to +0 ring mail.
   730 | D:1      | 730 ||| DROPPING +0 robe.
   731 | D:1      | 731 ||| READING scroll labelled PIOLICSUSIQ.
   732 | D:1      | 732 ||| READING scroll labelled TASOUGHOQE.
   733 | D:1      | 733 ||| READING scroll labelled QUWUUCK SICK.
   734 | D:1      | 734 ||| READING 3 scrolls labelled NIACWA NOTY.
   735 | D:1      | 735 ||| DROPPING scroll of poison.
   736 | D:1      | 736 ||| DROPPING 2 scrolls of fear.
   800 | D:2      | Found an opulent altar of Gozag.
  1145 | D:2      | HP: 5/21 [worm (8)]
  1284 | D:2      | Reached XP level 4. HP: 26/26 MP: 5/5
  1371 | D:2      | 1371 ||| UPGRADING to +0 pair of gloves.
  1376 | D:2      | 1376 ||| READING scroll labelled DIDOFFAISSI.
  1377 | D:2      | 1377 ||| READING scroll labelled ZOCKI TAUZ.
  1378 | D:2      | 1378 ||| READING scroll labelled XUXKIZOMIE.
  1379 | D:2      | 1379 ||| DRINKING 2 murky silvery potions.
  1484 | D:2      | 1484 ||| DRINKING 2 sedimented white potions.
  1484 | D:2      | Gained mutation: Your spells are a little harder to cast,
                  | but a little more powerful. [potion of mutation]
  1484 | D:2      | Gained mutation: You are agile. (Dex +4, Str/Int -1)
                  | [potion of mutation]
  1484 | D:2      | Gained mutation: Your flesh is heat resistant. (rF+)
                  | [potion of mutation]
  1485 | D:2      | 1485 ||| DRINKING 2 clear potions.
  1486 | D:2      | 1486 ||| DROPPING potion of berserk rage.
  1574 | D:3      | HP: 3/26 [gnoll/+0 flail (5)]
  1577 | D:3      | Reached skill level 1 in Armour
  1578 | D:3      | Slain by a gnoll

Levels and vault maps discovered:
D:1:      lemuel_arrival_behind_the_door_small, layout_basic,
          shapermc_ecumenical_altar_mp_vishouse
D:2:      layout_basic, basic_altar, kennysheep_minor_cross
D:3:      kennysheep_big_flooded_room, layout_basic, gammafunk_ghost_necromancy,
          wander_ebering_terrifying_dragon_lair

Skill      XL: |  1  2  3  4 |
---------------+-------------+-----
Ranged Weapons | 3 |  3.8
Fighting       | 2 |  2.0
Armour         | 1 |  1.0
Dodging        | |  1.5
Spellcasting   | |  1.0
Hexes          | |  2.6

Action                     |  1- 3 |  4- 6 || total
---------------------------+-------+-------++-------
   Fire: Sling             |   139 |    18 ||   157
    Use: Scroll            |     4 |     3 ||     7
         Potion            |       |     3 ||     3
 Armour: Robe              |     2 |       ||     2
         Ring mail         |    31 |     7 ||    38
  Dodge: Dodged            |    40 |    13 ||    53

Table legend:
 A = Non-vault XP
 B = Vault XP
 C = Vault XP percentage of total XP
 D = Non-vault monster count
 E = Vault monster count
 F = Vault count percentage of total count
                 A         B        C        D         E       F
            +---------+---------+-------+---------+---------+-------
      Total |     116 |       0 |   0.0 |      46 |       0 |   0.0
            +---------+---------+-------+---------+---------+-------
        D:1 |      43 |       0 |   0.0 |      26 |       0 |   0.0
        D:2 |      43 |       0 |   0.0 |      16 |       0 |   0.0
        D:3 |      30 |       0 |   0.0 |       4 |       0 |   0.0
            +---------+---------+-------+---------+---------+-------
